Map: 乌雷纳

Players

shengy - Winner!

  • Race: Zerg Zerg
  • League: Platinum

HankHill

  • Race: Terran Terran
  • League: Platinum

VOD

Have the link to the VOD?

Description

Time

  • Played on: Dec. 25, 2015, 2:39 p.m.
  • Length: 3:19
Show
View Real Time Build Order
Export as new Build Order

shengy Zerg - Winner!

Build Orders: Pool Only 

Get SALT Encoding   

  12  0:00  Drone  
  13  0:08  Drone  
  14  0:25  Spawning Pool  
  13  0:29  Extractor  
  13  0:31  Drone  
  13  0:36  Drone  
  14  0:44  Overlord  
  14  1:12  Queen  
  14  1:14  Zergling x6  
  19  1:28  Metabolic Boost  
  19  1:34  Zergling x2  
  20  1:42  Zergling x2  
  21  1:47  Overlord  
  21  1:54  Baneling Nest  
  20  2:02  Zergling x2  
  21  2:18  Zergling x2  
  22  2:28  Zergling x2  
  22  2:29  Zergling x6  
  25  2:39  Baneling x5  
  25  2:47  Baneling  
  25  2:51  Zergling x2  
  25  2:52  Zergling x2  
Show
View Real Time Build Order
Export as new Build Order

HankHill Terran 

Build Orders:  

Get SALT Encoding   

  12  0:01  SCV  
  14  0:14  SCV  
  14  0:23  Supply Depot  
  14  0:26  SCV  
  15  0:45  SCV, Barracks  
  15  0:49  Refinery  
  16  0:57  SCV  
  17  1:12  SCV  
  18  1:24  SCV  
  19  1:35  Barracks Reactor  
  19  1:38  SCV, Command Center  
  20  1:44  Supply Depot  
  21  1:55  Orbital Command  
  19  2:12  Marine x2  
  21  2:20  Command Center  
  21  2:30  Marine x2  
  23  2:41  SCV  
  24  2:50  Marine x2  
  26  3:01  Factory  
  26  3:02  SCV  
Tags
 
Add a new tag
Caveats
  • Supply blocks, unpowered buildings, or Contaminate may cause inaccurate times.
  • Supply counts are checked every 10 seconds.